 Dungeon Crawl Stone Soup version 0.30-a0-585-g93115170b9 (webtiles) character file.

Game seed: 11234570694314795284

2777 PyroL the Transmogrifier (level 9, -6/87 HPs)
             Began as an Octopode Transmuter on Jan 2, 2023.
             Was an Initiate of Gozag.
             Mangled by a spriggan
             ... wielding a +2 spear of venom
              (9 damage)
             ... in a bailey.
             The game lasted 00:20:03 (7852 turns).

PyroL the Transmogrifier (Octopode Transmuter)      Turns: 7852, Time: 00:20:04

Health: -6/87      AC:  1    Str:  8    XL:     9   Next: 70%
Magic:  12/12      EV: 14    Int: 23    God:    Gozag
Gold:   360        SH:  5    Dex: 12    Spells: 6/12 levels left

rFire   . . .      SeeInvis .      - Unarmed
rCold   . . .      Faith    .    l - +0 buckler
rNeg    . . .      Spirit   .    (helmet restricted)
rPois   .          Reflect  .    (no amulet)
rElec   .          Harm     .    (no ring)
rCorr   .          Rampage  .    (no ring)
Will    .....                    (no ring) Stlth
                                 (no ring)
HPRegen 0.34/turn                (no ring)
MPRegen 0.13/turn                (no ring)
                                 (no ring)
                                 (no ring)

@: berserking, attractive, very quick
A: almost no armour, amphibious, 8 rings, camouflage 1, gelatinous body 1,
(nimble swimmer 1), tentacles, clever 1
a: Renounce Religion, Potion Petition, Call Merchant, Bribe Branch


You were in a bailey.
You worshipped Gozag.
Gozag was aware of your devotion.
You visited 2 branches of the dungeon, and saw 8 of its levels.
You also visited: Sewer and Bailey.

You collected 851 gold pieces.
You spent 348 gold pieces at shops.
You paid 143 gold pieces to Gozag.

Inventory:

Missiles
 j - 6 atropa-tipped darts
Armour
 l - a +0 buckler (worn)
Wands
 b - a wand of charming (4)
 e - a wand of flame (22)
Scrolls
 c - a scroll of amnesia
 d - a scroll of immolation
 f - 2 scrolls of fog
 g - 2 scrolls of enchant weapon
 h - 5 scrolls of teleportation
 i - 2 scrolls of torment
 m - 2 scrolls of vulnerability
 r - 2 scrolls of fear {unknown}
 v - a scroll of enchant armour {unknown}
Potions
 a - 4 potions of flight
 k - 2 potions of curing
 n - 2 potions of mutation
 o - a potion of brilliance
 p - 2 potions of haste
 u - a potion of cancellation {unknown}
 x - a potion of magic


   Skills:
 - Level 4.0 Fighting
 + Level 2.4 Throwing
 - Level 5.0 Dodging
 - Level 4.0 Shields
 - Level 5.0 Unarmed Combat
 - Level 2.0 Spellcasting
 - Level 8.0 Transmutations
 + Level 4.5 Ice Magic
 - Level 3.0 Poison Magic


You had 6 spell levels left.
You knew the following spells:

 Your Spells              Type           Power      Damage    Failure   Level
a - Beastly Appendage     Tmut           78%        N/A       1%          1
b - Wereblood             Tmut           39%        N/A       1%          2
c - Spider Form           Tmut/Pois      27%        N/A       4%          3

Your spell library contained the following spells:

 Spells                   Type           Power      Damage    Failure   Level
 Ozocubu's Armour         Ice            23%        N/A       8%          3
 Ice Form                 Ice/Tmut       31%        N/A       12%         4
 Foxfire                  Conj/Fire      8%         2x1d4     16%         1
 Summon Small Mammal      Summ           8%         N/A       16%         1
 Call Canine Familiar     Summ           2%         N/A       43%         3
 Summon Guardian Golem    Hex/Summ       2%         N/A       43%         3
 Metabolic Englaciation   Hex/Ice        6%         N/A       87%         5
 Fireball                 Conj/Fire      1%         3d3       99%         5
 Starburst                Conj/Fire      1%         6d3       100%        6
 Simulacrum               Ice/Necr       Unusable   N/A       N/A         6

Dungeon Overview and Level Annotations

Branches:
Dungeon (7/15)             Temple (1/1) D:5           Sewer (visited)
 Bailey (1/1)

Altars:
Cheibriados
Dithmenos
Fedhas
Gozag
Hepliaklqana
Kikubaaqudgha
Makhleb
Nemelex Xobeh
Okawaru
Qazlal
Ru
Sif Muna
Trog
Uskayaw
Vehumet
Wu Jian
Xom
Yredelemnul
Zin
The Shining One

Shops:
D:3 [   D:6 !


Innate Abilities, Weirdness & Mutations

You cannot wear most types of armour.
You are amphibious.
You can wear up to eight rings at the same time.
Your skin changes colour to match your surroundings (Stealth+).
Your rubbery body absorbs attacks. (AC +1, EV +1)
((You are camouflaged when in or above water. (Stealth+)))
You have tentacles for arms and can constrict up to eight enemies at once.
Your mind is acute. (Int +4, Str/Dex -1)


Message History

You see here a +0 spear.
Throw: 7 darts (atropa)
Press: ? - help, Shift-Dir - straight line, f - two-headed ogre
Aim: a two-headed ogre, wielding a +0 halberd and a +0 bardiche (75% to hit, chance to blind on hit: 3%)
You throw an atropa-tipped dart.
The atropa-tipped dart hits the two-headed ogre.
The two-headed ogre resists.
You see here a +0 halberd.
You see here a +0 spear.
A spriggan comes into view.
It is wielding a +0 scimitar of protection.
The spriggan shouts!
The spriggan shouts!
Blink to where?
Press: ? - help, Dir - move target, p - two-headed ogre
As you read the scroll of blinking, it crumbles to dust.
The spriggan drinks a potion.
The spriggan seems to speed up.
You see here 14 gold pieces.
The spriggan misses you.
A spriggan comes into view. It is wielding a +2 spear of venom.
The spriggan shouts!
You block the spriggan's attack.
The spriggan hits you from afar with a +0 spear!
* * * LOW HITPOINT WARNING * * *
Okay, then.
It was a potion of attraction.
You feel attractive to monsters. You block the spriggan's attack.
The spriggan hits you from afar with a +0 spear.
* * * LOW HITPOINT WARNING * * *
The spriggan is attracted toward you. x3
Casting: Spider Form (dangerous; 4% risk of failure)
Confirm with . or Enter, or press ? or * to list all spells.
Okay, then.
It was a potion of berserk rage.
A red film seems to cover your vision as you go berserk!
You feel yourself moving faster!
You feel mighty! The spriggan closely misses you.
The spriggan hits you with a +2 spear of venom!
You die...
Your body crumbles into a pile of gold.

#########
##.......##
##.........##
##.$..~~~..§.##
##§§####~###♣..##
##ii♣# .. ..
##O.## #.@##..♣ .
##..# #.i# i #..#
#.§# #..# #..♣
#..# #..# #).#
#..# #).# #..##
##..# ##..##
##..## ##..##
##..##


You could see 3 spriggans.

Vanquished Creatures
  3 spriggans (Bailey)
  An acid dragon (Bailey)
  A black bear (D:6)
  An orc warrior (D:6)
  2 ice beasts (D:6)
  3 ogres
  A centaur (D:7)
  A gnoll sergeant (D:5)
  5 scorpions
  9 hounds
  5 orc priests
  Crazy Yiuf (D:3)
  A jelly (D:3)
  3 iguanas
  Ijyb (D:3)
  5 orc wizards
  A merfolk avatar (Sewer)
  A merfolk siren (Sewer)
  10 gnolls
  17 adders
  3 river rats
  A white imp (D:5)
  An ufetubus (D:4)
  2 worms
  10 dart slugs
  12 orcs
  3 bats
  7 endoplasms
  6 giant cockroaches
  7 goblins
  4 hobgoblins
  A jackal (D:4)
  6 kobolds
  5 quokkas
  10 ball pythons
  8 frilled lizards
  23 rats
181 creatures vanquished.

Notes
Turn   | Place    | Note
-------+----------+-------------------------------------------
     0 | D:1      | PyroL the Octopode Transmuter began the quest for the Orb.
     0 | D:1      | Reached XP level 1. HP: 13/13 MP: 3/3
   104 | D:1      | Reached skill level 1 in Poison Magic
   104 | D:1      | Reached XP level 2. HP: 16/18 MP: 3/5
   139 | D:1      | Learned a level 2 spell: Wereblood
   241 | D:1      | Reached XP level 3. HP: 23/23 MP: 4/6
   845 | D:2      | Reached skill level 3 in Transmutations
   845 | D:2      | Reached XP level 4. HP: 28/28 MP: 5/7
  1336 | D:3      | Reached XP level 5. HP: 8/33 MP: 6/8
  1585 | D:3      | Noticed Ijyb
  1633 | D:3      | Reached skill level 4 in Transmutations
  1765 | D:3      | Found a glowing drain.
  1786 | Sewer    | Entered a sewer
  1802 | Sewer    | Learned a level 3 spell: Spider Form
  1930 | Sewer    | Reached XP level 6. HP: 12/38 MP: 5/9
  1936 | Sewer    | Gained mutation: Your mind is acute. (Int +4, Str/Dex -1)
                  | [potion of mutation]
  2270 | Sewer    | Reached skill level 5 in Transmutations
  2715 | D:3      | Killed Ijyb
  3185 | D:3      | Found a runed translucent door.
  3186 | D:3      | Noticed Crazy Yiuf
  3199 | D:3      | Found Rarir's Antique Armour Boutique.
  3303 | D:3      | Killed Crazy Yiuf
  3304 | D:3      | Reached skill level 1 in Shields
  3478 | D:4      | Reached XP level 7. HP: 27/43 MP: 6/10
  3572 | D:4      | Reached skill level 5 in Unarmed Combat
  4594 | D:5      | Entered Level 5 of the Dungeon
  4986 | D:5      | Found a staircase to the Ecumenical Temple.
  4994 | D:5      | Reached XP level 8. HP: 54/54 MP: 7/11
  4996 | Temple   | Entered the Ecumenical Temple
  5004 | Temple   | Became a worshipper of Gozag Ym Sagoz the Greedy
  5190 | D:5      | Found a blossoming altar of Fedhas.
  5190 | D:5      | Found a sparkling altar of Nemelex Xobeh.
  5531 | D:5      | HP: 2/54 [gnoll/+0 club[a gnoll sergeant] (5)]
  5536 | D:5      | HP: 2/54 [gnoll/+0 club[a gnoll sergeant] (2)]
  5924 | D:6      | Reached skill level 6 in Transmutations
  6511 | D:6      | Reached skill level 5 in Dodging
  6511 | D:6      | Reached skill level 7 in Transmutations
  6511 | D:6      | Reached XP level 9. HP: 58/58 MP: 12/12
  6586 | D:6      | Reached skill level 1 in Ice Magic
  6956 | D:6      | Found Laorgh's Distillery.
  6976 | D:6      | Bought a potion of heal wounds for 60 gold pieces
  6976 | D:6      | Bought a potion of curing for 36 gold pieces
  6976 | D:6      | Bought a potion of haste for 120 gold pieces
  6976 | D:6      | Bought a potion of curing for 36 gold pieces
  6976 | D:6      | Bought a potion of magic for 96 gold pieces
  7195 | D:7      | Found a flagged portal.
  7204 | Bailey   | Entered a bailey
  7242 | Bailey   | Reached skill level 8 in Transmutations
  7606 | Bailey   | HP: 2/58 [spriggan/+0 spear (14)]
  7608 | Bailey   | Reached skill level 1 in Throwing
  7810 | Bailey   | Noticed a two-headed ogre
  7851 | Bailey   | HP: 1/58 [spriggan/+0 spear (5)]
  7852 | Bailey   | Mangled by a spriggan

Illustrated notes

Levels and vault maps discovered:
D:1:      lemuel_arrival_muddy, layout_rooms
D:2:      layout_basic, minmay_tromino_v4_a
D:3:      kennysheep_slugbush, layout_basic, portal_sewer_entry_b, serial_shops,
          shop, minmay_misc_feat_pillars, uniq_ijyb, uniq_crazy_yiuf_cottage
D:4:      minmay_octagon_keep, layout_basic
D:5:      layout_basic, nicolae_overflow_two_pavilions, minmay_temple_entry_hall
D:6:      layout_loops_ring, serial_shops, shop_fountains
D:7:      layout_basic, kennysheep_mini_moat, enter_bailey_6
Temple:   dpeg_three_leaves_temple
Bailey:   bailey_polearm_enchanted_keep_hellmonk, bailey

Skill      XL: |  1  2  3  4  5  6  7  8  9 |
---------------+----------------------------+-----
Poison Magic   | 1 2 3 |  3.0
Transmutations | 3 4 5 7 8 |  8.0
Unarmed Combat | 4 5 |  5.0
Shields        | 1 4 |  4.0
Fighting       | 3 4 |  4.0
Dodging        | 5 |  5.0
Ice Magic      | 4 |  4.5
Throwing       | 2 |  2.4
Spellcasting   | |  2.0

Action                   |  1- 3 |  4- 6 |  7- 9 || total
-------------------------+-------+-------+-------++-------
Melee: Unarmed           |    66 |   207 |   302 ||   575
       Kick              |    21 |    40 |       ||    61
       Constrict         |    14 |    32 |     3 ||    49
       Tentacles         |    11 |    17 |     2 ||    30
       Punch             |     1 |     6 |     1 ||     8
Throw: Dart              |       |     4 |     1 ||     5
 Cast: Beastly Appendage |    20 |    25 |     1 ||    46
       Wereblood         |       |     3 |    12 ||    15
       Spider Form       |       |     7 |    36 ||    43
  Use: Scroll            |     1 |     6 |     6 ||    13
       Potion            |       |     9 |     7 ||    16
 Stab: Sleeping          |     6 |     8 |     2 ||    16
Armor: Skin              |     3 |    63 |    14 ||    80
Dodge: Dodged            |    38 |   180 |   269 ||   487
Block: Buckler           |       |     9 |     3 ||    12

Table legend: (Time is in decaauts)
 A = Elapsed time spent in this place.
 B = Non-inter-level travel time spent in this place.
 C = Inter-level travel time spent in this place.
 D = Time resting spent in this place.
 E = Time spent auto-exploring this place.
 F = Levels seen in this place.
 G = Mean time per level.
                   A        B        C        D        E       F      G
               +--------+--------+--------+--------+--------+-----+--------+
         Total |   7809 |   7635 |    174 |   1524 |   4340 |  10 |  780.9 |
       Dungeon |   6376 |   6202 |    174 |    906 |   3936 |   7 |  910.9 |
        Temple |    105 |    105 |      0 |      0 |     70 |   1 |  105.0 |
         Sewer |    683 |    683 |      0 |    196 |    239 |   1 |  683.0 |
        Bailey |    644 |    644 |      0 |    422 |     95 |   1 |  644.0 |
               +--------+--------+--------+--------+--------+-----+--------+

Top non-repeatable levels by time:
     D:3: 1477 daAuts
     D:5: 1269 daAuts
     D:4: 1128 daAuts
     D:6: 1116 daAuts
     D:2: 730 daAuts
   Sewer: 683 daAuts
  Bailey: 644 daAuts
     D:1: 552 daAuts
  Temple: 105 daAuts
     D:7: 100 daAuts
